AoeStats
← Marbas

Arena

508096642Analyzed
1v1 RM · 11d ago on Sep 20, 2026· 55m 18s· 2 players
Game mode
Random Map
Map size
Tiny (2 player)
Population
200
Speed
Normal
Resources
Standard
Victory
Conquest
Starting age
Dark Age
Ending age
Imperial Age
RankedLock teamsTeams togetherTeam positionsShared explorationLock speedFull tech treeHidden civsTurbo modeCheats
Victory
Defeat
🇷🇺 Turks · Russia
1801
+12
🇩🇪 Aztecs · Germany
1711
-12
Schwenkii
9:28 Feudal Age
13:03 Castle Age
11:47 Double-Bit Axe
16:05 Sanctity
17:21 Fervor
20:53 Eagle Warrior
22:45 Scale Mail Armor
23:36 Redemption
25:37 Squires
26:01 Arson
26:32 Chain Mail Armor
53:27 Horse Collar
54:02 Bow Saw
55:00 Loom
Marbas
10:39 Feudal Age
11:05 Double-Bit Axe
16:01 Castle Age
13:58 Horse Collar
17:24 Bow Saw
22:44 Gold Mining
25:09 Devotion
25:31 Loom
26:17 Loom
26:18 Town Watch
34:27 Imperial Age
33:04 Fletching
34:21 Gold Shaft Mining
33:38 Stone Mining
34:26 Wheelbarrow
35:07 Fortified Wall
37:06 Masonry
44:06 Elite Janissary
45:39 Padded Archer Armor
47:40 Bloodlines
52:18 Scale Barding Armor
52:55 Heavy Plow
55:14 Leather Archer Armor
Connection lost

Rejoining the realm…

Still unreachable

The connection could not be restored.

Session expired

The server has moved on; the page needs a fresh start.